 Dungeon Sprint DCSS version 0.27.1-2-g3b301248ec (webtiles) character file.

Game seed: 16158425590105731183

2568 boopmooplesden the Cleaver (level 9, -38/90 HPs)
             Began as a Minotaur Fighter on Sept 22, 2021.
             Was a Believer of Okawaru.
             Killed from afar by Roxanne (48 damage)
             ... with a crystal spear
             ... in the Dungeon (Sprint II: "The Violet Keep of Menkaure").
             The game lasted 00:05:04 (1502 turns).

boopmooplesden the Cleaver (Minotaur Fighter)       Turns: 1502, Time: 00:05:05

Health: -38/90     AC: 28    Str: 26    XL:     9   Next: 31%
Magic:  6/8        EV: 11    Int:  5    God:    Okawaru [**....]
Gold:   229        SH: 15    Dex: 10    Spells: 8/8 levels left

rFire    + . .     SeeInvis .   a - +1 war axe
rCold    + . .     Faith    .   c - +0 kite shield
rNeg     . . .     Spirit   .   f - +7 plate armour of Ometteche {rCorr Str+2}
rPois    +         Reflect  .   (helmet restricted)
rElec    +         Harm     .   (no cloak)
rCorr    +         Rampage  .   (no gloves)
Will     .....     NoTele   +   e - +2 pair of boots
Stlth    ..........             (no amulet)
HPRegen  0.25/turn              (no ring)
MPRegen  0.11/turn              (no ring)

@: resistant, heroic, flying
A: horns 2, retaliatory headbutt
a: Renounce Religion, Heroism


You were in the Dungeon.
You worshipped Okawaru.
Okawaru was pleased with you.
You visited 1 branch You collected 1127 gold pieces.
You spent 898 gold pieces at shops.

Inventory:

Hand Weapons
 a - a +1 war axe (weapon)
Armour
 b - a +0 scale mail
 c - a +0 kite shield (worn)
 e - a +2 pair of boots (worn)
 f - the +7 plate armour of Ometteche (worn) {rCorr Str+2}
   (You bought it in a shop in the Dungeon)

   Str:       It affects your strength (+2).
   rCorr:     It protects you from acid and corrosion.
 u - a +2 pair of gloves of stealth
Jewellery
 l - a ring of magical power
 q - a +4 ring of protection
Scrolls
 j - 2 scrolls of blinking
 o - a scroll of identify
 r - a scroll of immolation
Potions
 d - a potion of might
 h - 5 potions of magic
 i - 3 potions of curing
 k - 2 potions of flight
 m - 2 potions of resistance
 s - a potion of cancellation
 t - a potion of heal wounds


   Skills:
 + Level 11.8(16.8) Fighting
 + Level 14.4(19.4) Axes
 + Level 12.2(17.2) Armour
 + Level 5.6(10.6) Dodging
 + Level 1.3(6.3) Stealth
 + Level 11.7(16.7) Shields


You had 8 spell levels left.
You didn't know any spells.
Your spell library contained the following spells:

 Spells                   Type           Power      Damage    Failure   Level
 Animate Skeleton         Necr           0%         N/A       97%         1
 Pain                     Necr           0%         1d4       97%         1
 Gell's Gravitas          Tloc           0%         N/A       100%        3
 Teleport Other           Tloc           0%         N/A       100%        3
 Vampiric Draining        Necr           0%         2d6       100%        3
 Dispersal                Tloc           0%         N/A       100%        6


Dungeon Overview and Level Annotations

Branches:
Dungeon (1/1)

Altars:
Cheibriados
Dithmenos
Elyvilon
Fedhas
Gozag
Hepliaklqana
Kikubaaqudgha
Makhleb
Nemelex Xobeh
Okawaru
Qazlal
Ru
Sif Muna
Trog
Uskayaw
Vehumet
Wu Jian
Xom
Yredelemnul
Zin
The Shining One
Beogh
Jiyva
Lugonu

Shops:
D =[:[!:(![(=(=?*

Annotations:
D exclusion: oklob plant, Roxanne


Innate Abilities, Weirdness & Mutations

You have a pair of horns on your head.
You reflexively headbutt those who attack you in melee.


Message History

You hit Roxanne.
Roxanne is lightly damaged.
You hit Roxanne but do no damage.
Roxanne is lightly damaged.
Roxanne mumbles some strange words.
The iron shot hits you!!!
You hit Roxanne but do no damage. You headbutt Roxanne, but do no damage.
Roxanne is lightly damaged.
You hit Roxanne but do no damage.
Roxanne is lightly damaged.
Roxanne casts a spell.
You block the crystal spear.
You slash Roxanne! You headbutt Roxanne, but do no damage.
Roxanne is lightly damaged.
You hit Roxanne but do no damage.
Roxanne is lightly damaged.
You hit Roxanne but do no damage. You headbutt Roxanne, but do no damage.
Roxanne is lightly damaged.
You hit Roxanne but do no damage.
Roxanne is lightly damaged.
You hit Roxanne.
Roxanne is lightly damaged.
You hit Roxanne but do no damage. You headbutt Roxanne.
Roxanne is lightly damaged.
You hit Roxanne but do no damage. You headbutt Roxanne, but do no damage.
Roxanne is lightly damaged.
You slash Roxanne!
Roxanne is moderately damaged.
You gain the combat prowess of a mighty hero.
You slash Roxanne! You headbutt Roxanne.
Roxanne is moderately damaged.
Roxanne casts a spell.
The bolt of magma hits you!! You partially resist.
* * * LOW HITPOINT WARNING * * *
You hit Roxanne but do no damage.
Roxanne is moderately damaged.
Roxanne casts a spell.
The crystal spear hits you!!!
Ouch! That really hurt!
You die...

****** **********************
*,,,,* ***
*,,,,,,+,,*∩∩∩,∩+,+,,***,,,,***,,
*,,,,,,*,,*******,****,,,,,,,,*,,
*+******+**,,####+####,,,,,,,,*,,
*∩∩∩∩∩∩*,,+,##§≈§§§≈§##⌠,,,,*+***
*∩∩∩∩∩∩*,,*##.§§§§§§§.##,,,,*,,*▓
*********,,+≈.§§@8§§≈≈≈#*++**,,,+
*,,,**,,,**##≈§§§§§§..##≈,,,***,#
*,,,,*,,,,,≈##§§.§§.§##,≈,,,^,**#
###########≈≈#+++#§§§##***,,^,*,*
##########≈≈≈....≈§§§.#,,+,,,,*,,
#........#≈≈≈≈.##+##.≈#,,****,*,,
#...⌠....#≈≈≈≈##...##.####,,+.##.
#..∩.∩...#≈≈≈≈#.)#..#....#,,*.^.#
#.∩.∩.∩..#≈≈####...####..##**#.^#


You could see Roxanne.

Vanquished Creatures
  A merfolk siren (D)
  A yaktaur (D)
  A hornet (D)
  3 polar bears (D)
  A vampire mosquito (D)
  Menkaure (D)
  3 water moccasins (D)
  4 necrophages (D)
  4 scorpions (D)
  3 worms (D)
22 creatures vanquished.

Vanquished Creatures (others)
  A water moccasin (D)
  12 tentacles (D)
13 creatures vanquished.

Grand Total: 35 creatures vanquished

Notes
Turn   | Place    | Note
-------+----------+-------------------------------------------
     0 | D        | boopmooplesden the Minotaur Fighter began the quest for the
                  | Orb.
     0 | D        | Reached XP level 1. HP: 19/19 MP: 0/0
     8 | D        | Killed a water moccasin
    18 | D        | Noticed an ice statue
    26 | D        | Reached skill level 3 in Axes
    26 | D        | Reached XP level 2. HP: 13/28 MP: 1/1
   194 | D        | Noticed a scorpion
   194 | D        | Noticed a scorpion
   194 | D        | Noticed a scorpion
   194 | D        | Noticed a scorpion
   201 | D        | Killed a scorpion
   202 | D        | Reached skill level 4 in Axes
   202 | D        | Reached skill level 1 in Dodging
   202 | D        | Reached skill level 5 in Shields
   202 | D        | Reached XP level 3. HP: 14/37 MP: 2/2
   202 | D        | Reached XP level 4. HP: 17/44 MP: 3/3
   208 | D        | Killed a scorpion
   209 | D        | Reached skill level 6 in Axes
   217 | D        | Killed a scorpion
   218 | D        | Reached skill level 7 in Axes
   218 | D        | Reached XP level 5. HP: 30/52 MP: 4/4
   415 | D        | Noticed a merfolk siren
   428 | D        | Killed a merfolk siren
   429 | D        | Reached skill level 10 in Axes
   429 | D        | Reached skill level 10 in Armour
   429 | D        | Reached XP level 6. HP: 35/64 MP: 5/5
   429 | D        | Reached XP level 7. HP: 38/70 MP: 6/6
   598 | D        | Reached skill level 10 in Fighting
   601 | D        | Reached skill level 11 in Axes
   727 | D        | Found Fips's Assorted Antiques.
   727 | D        | Found Ciso's Magic Scroll Boutique.
   727 | D        | Found Tuid's Weapon Shop.
   727 | D        | Found Elozoas's Antique Weapon Boutique.
   727 | D        | Found Iwoiqusi's Jewellery Boutique.
   727 | D        | Found Jauxais's Antique Armour Shop.
   728 | D        | Found Apsewk's Distillery.
   729 | D        | Found Qucoaczu's Antique Weapon Shop.
   729 | D        | Found Vebb's Book Boutique.
   729 | D        | Noticed a slime creature
   730 | D        | Found Jommom's Jewellery Boutique.
   730 | D        | Noticed Menkaure
   730 | D        | Noticed a slime creature
   743 | D        | Killed Menkaure
   744 | D        | Reached XP level 8. HP: 63/80 MP: 7/7
   746 | D        | Found Lyuxom's Distillery.
   746 | D        | Found Egatiot's Armour Boutique.
   746 | D        | Noticed a slime creature
   746 | D        | Noticed an oklob plant
   747 | D        | Found Haxefaf's Antique Armour Shop.
   747 | D        | Found Gesod's Jewellery Boutique.
   747 | D        | Found Lokoguq's Book Shoppe.
   748 | D        | Noticed a cane toad
   748 | D        | Noticed a cane toad
   750 | D        | Bought a pair of runed boots for 142 gold pieces
   760 | D        | Bought a scorched plate armour for 756 gold pieces
   760 | D        | Identified the +7 plate armour of Ometteche {rCorr Str+2}
                  | (You bought it in a shop in the Dungeon)
   831 | D        | Reached skill level 12 in Axes
   831 | D        | Reached skill level 1 in Stealth
   853 | D        | Found a stormy altar of Qazlal.
   853 | D        | Found an ornate altar of the Wu Jian Council.
   854 | D        | Found a hazy altar of Hepliaklqana.
   854 | D        | Found a sacrificial altar of Ru.
   855 | D        | Found a viscous altar of Jiyva.
   855 | D        | Found a shimmering blue altar of Sif Muna.
   856 | D        | Found a snail-covered altar of Cheibriados.
   856 | D        | Found an ancient bone altar of Kikubaaqudgha.
   856 | D        | Found a shimmering altar of Xom.
   856 | D        | Found a bloodstained altar of Trog.
   857 | D        | Found a shadowy altar of Dithmenos.
   857 | D        | Found a corrupted altar of Lugonu.
   857 | D        | Found a glowing golden altar of the Shining One.
   857 | D        | Found a basalt altar of Yredelemnul.
   857 | D        | Found a hide-covered altar of Uskayaw.
   858 | D        | Found a white marble altar of Elyvilon.
   858 | D        | Found a burning altar of Makhleb.
   859 | D        | Found a blossoming altar of Fedhas.
   861 | D        | Found an opulent altar of Gozag.
   861 | D        | Found a sparkling altar of Nemelex Xobeh.
   861 | D        | Noticed a hornet
   861 | D        | Noticed a polar bear
   861 | D        | Noticed a polar bear
   862 | D        | Found a glowing silver altar of Zin.
   862 | D        | Found a radiant altar of Vehumet.
   862 | D        | Found an iron altar of Okawaru.
   862 | D        | Noticed a yaktaur
   862 | D        | Noticed a polar bear
   866 | D        | Noticed a flying skull
   867 | D        | Noticed a flying skull
   871 | D        | Noticed a flying skull
   871 | D        | Noticed a flying skull
   872 | D        | Became a worshipper of Warmaster Okawaru
   884 | D        | Killed a yaktaur
   885 | D        | Reached skill level 5 in Dodging
   885 | D        | Reached skill level 10 in Shields
   885 | D        | Killed a hornet
   885 | D        | Killed a polar bear
   885 | D        | Reached * piety under Okawaru
   886 | D        | Reached skill level 13 in Axes
   893 | D        | Killed a polar bear
   894 | D        | Reached XP level 9. HP: 88/89 MP: 8/8
   894 | D        | Killed a polar bear
   894 | D        | Reached ** piety under Okawaru
   895 | D        | Reached skill level 14 in Axes
  1029 | D        | Noticed a kraken
  1480 | D        | Identified Roxanne's Grimoire of Shape Shifting
  1480 | D        | Noticed Roxanne
  1502 | D        | Killed from afar by Roxanne

Illustrated notes

Levels and vault maps discovered:
D:        the_violet_keep_of_menkaure [sprint2_stairs_cluster_1,
          sprint2_shoproom, sprint2_temple, sprint2_basic_supplies,
          sprint2_obstacle_2, sprint2_obstacle_1, sprint2_obstacle_6,
          sprint2_obstacle_5, sprint2_obstacle_4, sprint2_timed_cluster_1,
          sprint2_smallroom_cluster_1, sprint2_smallroom_final_cluster_1,
          sprint2_transparent_cluster_1, sprint2_second_timed_cluster_1,
          sprint2_sniper_area_1, sprint2_heavy_combat_area_1,
          sprint2_mutation_trap_area_1, sprint2_forest_area_1,
          sprint2_light_combat_area_1, sprint2_behind_water_1,
          sprint2_near_end_vault_1]

Skill      XL: |  1  2  3  4  5  6  7  8  9 |
---------------+----------------------------+-----
Fighting       | 4 6 7 9 10 11 | 11.8
Armour         | 4 6 7 10 11 12 | 12.2
Shields        | 4 5 6 8 9 11 | 11.7
Axes           | 3 4 7 10 11 13 14 | 14.4
Dodging        | 1 2 3 4 5 |  5.6
Stealth        | 1 |  1.3

Action                   |  1- 3 |  4- 6 |  7- 9 || total
-------------------------+-------+-------+-------++-------
Melee: War axe           |    17 |    30 |    91 ||   138
       Headbutt          |     2 |     5 |    18 ||    25
Invok: Heroism           |       |       |     1 ||     1
  Use: Potion            |       |     2 |     5 ||     7
       Scroll            |       |       |     7 ||     7
Armor: Scale mail        |     8 |     7 |     2 ||    17
       Plate armour      |       |       |    43 ||    43
Dodge: Dodged            |       |     6 |    32 ||    38
Block: Kite shield       |     6 |     8 |    65 ||    79
